 Dungeon Crawl Stone Soup version 0.31-a0-765-g67fe2935dc (webtiles) character file.

Game seed: 6424348066690761024

1681483 Hi5aMiFi the Hoplite (level 27, 238/238 HPs)
             Began as a Formicid Fighter on Sept 15, 2023.
             Was the Champion of Makhleb.
             Escaped with the Orb
             ... and 3 runes on Sept 20, 2023!
             The game lasted 08:56:05 (72996 turns).

Hi5aMiFi the Hoplite (Formicid Fighter)            Turns: 72996, Time: 08:56:06

Health: 238/238    AC: 52    Str: 27      XL:     27
Magic:  39/39      EV:  9    Int:  7      God:    Makhleb [******]
Gold:   1190       SH: 33    Dex: 12 (13) Spells: 26/26 levels left

rFire   + + .        d - +9 glaive (elec)
rCold   + + .        M - +10 tower shield of Ignorance {rN+ Int-4}
rNeg    + . .        o - +15 Maxwell's patent armour {-Cast -Tele rElec Will+ rCorr}
rPois   +            (helmet unavailable)
rElec   +            h - +4 dragonskin cloak
rCorr   +            a - +2 pair of gloves {infuse}
SInv    +            w - +2 pair of boots
Will    +++++        c - necklace of Bloodlust {Fury *Rage Will++ Int-3 Slay+6} Stlth
                     C - ring of the Locust {rF+ rC++ Will+ Slay+3}
HPRegen 0.59/turn    T - ring "Etiakeic" {rPois Slay+3}
MPRegen 0.26/turn

%: no spellcasting, infuse magic (1 MP)
@: studying Air Magic
A: permanent stasis, dig shafts and tunnels, antennae 3, four strong arms,
iridescent scales 1, deterioration 1, fire resistance 1, strong-willed 1, poison
resistance, inhibited regeneration, weak 1
0: Orb of Zot
}: 3/15 runes: serpentine, barnacled, slimy
a: Dig, Shaft Self, Renounce Religion, Minor Destruction, Lesser Servant of
Makhleb, Major Destruction, Greater Servant of Makhleb


You escaped.
You worshipped Makhleb.
Makhleb was exalted by your worship.
You visited 11 branches of the dungeon, and saw 54 of its levels.
You visited the Abyss 1 time.
You visited 1 bazaar.
You also visited: Ossuary, Bailey, Gauntlet, Ice Cave and Wizlab.

You collected 9762 gold pieces.
You spent 8572 gold pieces at shops.

Inventory:

Hand Weapons
 d - a +9 glaive of electrocution (weapon)
 u - a +5 trishula of holy wrath
 z - the +5 demon whip "Spellbinder" {antimagic, disrupt, Will+}
   (You found it in a wizard's laboratory)

   Will+:     It increases your willpower.
 I - a +7 vampiric glaive
 W - the +7 demon whip "Ceneoch" {freeze, rF+ rC++ Will- Str+3}
   (You bought it in a shop on level 2 of the Orcish Mines)

   Str+3:     It affects your strength (+3).
   rF+:       It protects you from fire.
   rC++:      It greatly protects you from cold.
   Will-:     It decreases your willpower.
Missiles
 i - 11 silver javelins
 l - 21 curare-tipped darts
 n - 4 datura-tipped darts
 t - 60 boomerangs (quivered)
 B - a throwing net
 N - 9 javelins
Armour
 a - a +2 pair of gloves of infusion (worn)
 h - the +4 dragonskin cloak (worn)
   (You took it off Tiamat on level 4 of the Realm of Zot)

   Avatar's Aegis: It grants the wearer a chance to resist fire, cold, poison,
   electricity, acid, and negative energy.
 o - the +15 Maxwell's patent armour (worn) {-Cast -Tele rElec Will+ rCorr}
   (You found it on level 3 of the Elven Halls)

   rElec:     It insulates you from electricity.
   Will+:     It increases your willpower.
   -Cast:     It prevents spellcasting.
   -Tele:     It prevents most forms of teleportation.
   rCorr:     It protects you from acid and corrosion.
 w - a +2 pair of boots (worn)
 M - the +10 tower shield of Ignorance (worn) {rN+ Int-4}
   (You acquired it on level 2 of the Elven Halls)

   Int-4:     It affects your intelligence (-4).
   rN+:       It protects you from negative energy.
 R - the +2 ratskin cloak {*Rats rPois rN+ Str-1 Int-1 Dex+1}
   (You found it on level 1 of the Lair of Beasts)

   *Rats:     When the wearer is hurt, rats may emerge from it to assist them.
   Str-1:     It affects your strength (-1).
   Int-1:     It affects your intelligence (-1).
   Dex+1:     It affects your dexterity (+1).
   rPois:     It protects you from poison rN+: It protects you from negative
   energy.
 S - a +8 tower shield of cold resistance
Jewellery
 c - the necklace of Bloodlust (around neck) {Fury *Rage Will++ Int-3 Slay+6}
   (You bought it in a shop on level 2 of the Orcish Mines)

   [amulet of nothing]

   Fury:      It extends the wearer's berserk rage when killing foes.
   Int-3:     It affects your intelligence (-3).
   Slay+6:    It affects your accuracy & damage with ranged weapons and melee
   (+6).
   Will++:    It greatly increases your willpower.
   *Rage:     It berserks you when you make melee attacks (+50% chance).
 p - a ring of flight
 y - the ring "Ceubbunkawk" {rN+ Dex+5}
   (You found it on level 3 of the Depths)

   [ring of positive energy]

   Dex+5:     It affects your dexterity (+5).
   rN+:       It protects you from negative energy.
 C - the ring of the Locust (left hand) {rF+ rC++ Will+ Slay+3}
   (You found it on level 6 of the Dungeon)

   [ring of protection from fire]

   Slay+3:    It affects your accuracy & damage with ranged weapons and melee
   (+3).
   rF+:       It protects you from fire.
   rC++:      It greatly protects you from cold.
   Will+:     It increases your willpower.
 O - the ring of Generosity {rC+++ MP+9 Str+5 Int+6}
   (You took it off a merfolk on level 4 of the Shoals)

   [ring of intelligence]

   Str+5:     It affects your strength (+5).
   Int+6:     It affects your intelligence (+6).
   rC+++:     It renders you almost immune to cold.
   MP+9:      It affects your magic capacity (+9).
 Q - a ring of fire
 T - the ring "Etiakeic" (right hand) {rPois Slay+3}
   (You found it on level 3 of the Elven Halls)

   [ring of poison resistance]

   Slay+3:    It affects your accuracy & damage with ranged weapons and melee
   (+3).
   rPois:     It protects you from poison
Wands
 e - a wand of paralysis (24)
 f - a wand of roots (48)
 H - a wand of quicksilver (55)
 K - a wand of digging (3)
Scrolls
 q - 4 scrolls of fog
 r - 8 scrolls of immolation
 v - 10 scrolls of fear
 F - 9 scrolls of poison
 G - 9 scrolls of vulnerability
 P - 3 scrolls of revelation
 V - 4 scrolls of silence
 Z - 3 scrolls of torment
Potions
 g - 12 potions of mutation
 j - 7 potions of curing
 k - 6 potions of heal wounds
 m - 6 potions of attraction
 A - 9 potions of lignification
 D - a potion of resistance
 E - 8 potions of enlightenment
 U - 5 potions of ambrosia
 X - 6 potions of cancellation
Miscellaneous
 s - a sack of spiders
 x - a phial of floods
 J - a phantom mirror
 Y - a tin of tremorstones (2/2)


   Skills:
 + Level 24.2 Fighting
 - Level 7.6(16.7) Axes
 - Level 13.1(14.0) Maces & Flails
 - Level 19.4(20.0) Polearms
 * Level 18.9 Throwing
 - Level 25.0 Armour
 - Level 25.0 Shields
 - Level 25.0 Invocations
 - Level 15.0 Evocations


You had 26 spell levels left.
You didn't know any spells.
Your spell library contained the following spells:

 Spells                   Type           Power      Damage    Failure   Level
 Apportation              Tloc           0%         N/A       88%         1
 Magic Dart               Conj           0%         1d3       88%         1
 Necrotise                Necr           0%         1d4       88%         1
 Sandblast                Erth           0%         2d4       88%         1
 Slow                     Hex            0%         N/A       88%         1
 Summon Small Mammal      Summ           0%         N/A       88%         1
 Call Imp                 Summ           0%         N/A       95%         2
 Cigotuvi's Dreadful Rot  Necr/Pois/Air  0%         N/A       95%         2
 Ensorcelled Hibernation  Hex/Ice        0%         N/A       95%         2
 Jinxbite                 Hex            0%         N/A       95%         2
 Lesser Beckoning         Tloc           0%         N/A       95%         2
 Momentum Strike          Conj/Tloc      0%         3d8       95%         2
 Passwall                 Tmut/Erth      0%         N/A       95%         2
 Poisonous Vapours        Pois/Air       0%         N/A       95%         2
 Scorch                   Fire           0%         2d5       95%         2
 Searing Ray              Conj           0%         2d4       95%         2
 Sublimation of Blood     Necr           0%         N/A       95%         2
 Call Canine Familiar     Summ           0%         N/A       99%         3
 Frozen Ramparts          Ice            0%         1d1       99%         3
 Gell's Gravitas          Tloc           0%         N/A       99%         3
 Inner Flame              Hex/Fire       0%         N/A       99%         3
 Mephitic Cloud           Conj/Pois/Air  0%         N/A       99%         3
 Ozocubu's Armour         Ice            0%         N/A       99%         3
 Stone Arrow              Conj/Erth      0%         3d7       99%         3
 Summon Guardian Golem    Hex/Summ       0%         N/A       99%         3
 Teleport Other           Tloc           0%         N/A       99%         3
 Tukima's Dance           Hex            0%         N/A       99%         3
 Volatile Blastmotes      Fire/Tloc      0%         2d10      99%         3
 Anguish                  Hex/Necr       0%         N/A       100%        4
 Animate Armour           Summ/Erth      0%         N/A       100%        4
 Animate Dead             Necr           0%         N/A       100%        4
 Dimensional Bullseye     Hex/Tloc       0%         N/A       100%        4
 Flame Wave               Conj/Fire      0%         2d4       100%        4
 Fulminant Prism          Conj/Hex       0%         3d5       100%        4
 Iskenderun's Mystic Bla  Conj/Tloc      0%         2d3       100%        4
 Leda's Liquefaction      Hex/Erth       0%         N/A       100%        4
 Passage of Golubria      Tloc           0%         N/A       100%        4
 Petrify                  Tmut/Erth      0%         N/A       100%        4
 Sticky Flame             Conj/Fire      0%         2d3       100%        4
 Summon Ice Beast         Ice/Summ       0%         N/A       100%        4
 Borgnjor's Vile Clutch   Necr/Erth      0%         N/A       100%        5
 Freezing Cloud           Conj/Ice/Air   0%         6-21      100%        5
 Irradiate                Conj/Tmut      0%         3d11      100%        5
 Lee's Rapid Deconstruct  Erth           0%         3d4*      100%        5
 Metabolic Englaciation   Hex/Ice        0%         N/A       100%        5
 Silence                  Hex/Air        0%         N/A       100%        5
 Summon Forest            Summ/Tloc      0%         N/A       100%        5
 Summon Mana Viper        Hex/Summ       0%         N/A       100%        5
 Yara's Violent Unravell  Hex/Tmut       0%         3d3       100%        5
 Death Channel            Necr           0%         N/A       100%        6
 Dispersal                Tloc           0%         N/A       100%        6
 Eringya's Noxious Bog    Tmut/Pois      0%         4d6       100%        6
 Leda's Unmaking          Conj/Erth      0%         9d1       100%        6
 Plasma Beam              Fire/Air       0%         2x1d10    100%        6
 Simulacrum               Ice/Necr       0%         N/A       100%        6
 Summon Cactus Giant      Summ           0%         N/A       100%        6
 Enfeeble                 Hex            0%         N/A       100%        7
 Haunt                    Necr/Summ      0%         N/A       100%        7
 Monstrous Menagerie      Summ           0%         N/A       100%        7
 Ozocubu's Refrigeration  Ice            0%         4d7       100%        7
 Spellforged Servitor     Conj/Summ      0%         N/A       100%        7
 Summon Hydra             Summ           0%         N/A       100%        7
 Borgnjor's Revivificati  Necr           0%         N/A       100%        8
 Lehudib's Crystal Spear  Conj/Erth      0%         10d2      100%        8
 Maxwell's Capacitive Co  Air            0%         ∞         100%        8
 Death's Door             Necr           0%         N/A       100%        9
 Blink                    Tloc           Unusable   N/A       N/A         2
 Swiftness                Air            Unusable   N/A       N/A         3

Dungeon Overview and Level Annotations

Branches:
Dungeon (15/15)            Temple (0/1) D:7            Lair (5/5) D:10
 Shoals (4/4) Lair:2        Snake (4/4) Lair:3        Slime (5/5) Lair:4
    Orc (2/2) D:11            Elf (3/3) Orc:2        Vaults (4/5) D:13
  Crypt (3/3) Vaults:2       Tomb (0/3) Crypt:3      Depths (4/4) D:15
    Zot (5/5) Depths:4    Ossuary (visited)          Bailey (visited)
  IceCv (visited)          WizLab (visited)         Gauntlet (visited)

Altars:
Cheibriados
Gozag
Hepliaklqana
Kikubaaqudgha
Makhleb
Qazlal
Ru
Sif Muna
Uskayaw
Vehumet
Yredelemnul
Zin
Jiyva
Lugonu

Shops:
D:1 [   D:5 (   D:10 *   D:12 :   D:15 =*   Orc:2 (=[(   Elf:1 =(?   Vaults:4 !
Depths:1 ([(

Portals:
Hell: Depths:1 Depths:2 Depths:3 Depths:4
Abyss: Depths:3
Pandemonium: Depths:1 Depths:2
Ziggurat: Depths:3
Trove: Depths:4 (give 11 potions of heal wounds)

Annotations:
Crypt:1 2 runed translucent doors, Igymira's ghost, veteran MiGl


Innate Abilities, Weirdness & Mutations

You cannot be hasted, slowed, berserked, paralysed or teleported.
You can dig through walls and to a lower floor.
You have a pair of large antennae on your head. (SInv)
Your four strong arms can wield two-handed weapons with a shield.
You are partially covered in iridescent scales. (AC +2)
Your body sometimes deteriorates upon taking damage.
Your flesh is heat resistant. (rF+)
You are strong-willed. (Will+)
Your system is resistant to poisons. (rPois)
You do not regenerate when monsters are visible.
You are weak. (Str -2)


Message History

The Hell Sentinel moves out of view.
You reach to attack!
You slice the Hell Sentinel!!
The Hell Sentinel is lightly wounded.
You reach to attack!
You open the Hell Sentinel like a pillowcase!!!
The Hell Sentinel is heavily wounded.
You slice the Hell Sentinel!!
The Hell Sentinel is severely wounded.
You block the Hell Sentinel's attack. x2
You slice the Hell Sentinel!!
The Hell Sentinel is almost dead.
You carve the Hell Sentinel like a ham!!!
You kill the Hell Sentinel!
Makhleb accepts your kill.
Aiming: Dig
Press: ? - help, Shift-Dir - straight line A rock wall.
This square is covered in magical glow.
The rock shatters into small pieces.
You see here a +0 mace.
There is a stone staircase leading up here.
You climb upwards.
There is a stone staircase leading down here.
You see here a +0 sling.
You see here a +0 club.
There is a stone staircase leading up here.
You climb upwards.
There is a stone staircase leading down here.
You see here a scroll of teleportation.
Aiming: Dig
Press: ? - help, Shift-Dir - straight line A rock wall.
This square is covered in magical glow.
The rock shatters into small pieces.
An orange demon comes into view.
The orange demon moves out of view.
You hear a grinding noise.
You hear a grinding noise.
There is a staircase leading out of the dungeon here.
You have escaped!

#.#.#..##...###...........#.#
#.#.#..##...###.#####.####.##
#####.#.#..####'#...# #.###...#
........#..####....## #.##.###.
#########'##.....### #.##.# #.
#########........# ####.##.###.
............#'#.######......#....
#######{..#+#....#..........###.#
#### #.##..'...@#####.##...#....
...####4#.##.###### #.##.....#[.
##.##.....#.## #.# #.#.....###.
.....{###...#####.# #.##..#..#..
#...{.# #.........# #.###.......
#.....###.######### #.# #.#####.
#.........# #.# #.# #.
........### #.###.# #. #......##
#...#.# #.


There were no monsters in sight!

Vanquished Creatures
  the Royal Jelly (Slime:5)
  Khufu (Crypt:2)
  Tiamat (Zot:4)
  2 dread liches (Zot:5)
  4 ancient liches
  7 orbs of fire
  Mara (Shoals:4)
  Mennas (Vaults:3)
  2 juggernauts
  Sojobo (Crypt:2)
  Margery (Crypt:1)
  A Head Instructor (WizLab)
  Vashnia (Snake:4)
  A pandemonium lord (Zot:5)
  9 Killer Klowns
  4 curse toes
  12 golden dragons
  the Enchantress (Depths:3)
  Norris (Vaults:3)
  Nikola (Vaults:2)
  2 bone dragons
  2 doom hounds (Crypt:2)
  A shard shrike zombie (Crypt:3)
  2 electric golems
  Rupert (Lair:4)
  2 Hell Sentinels
  17 tentacled monstrosities
  Grunn (Crypt:2)
  A walking crystal tome (Depths:3)
  Asterion (Depths:2)
  9 quicksilver dragons
  A walking divine tome (Depths:3)
  30 Orb Guardians
  7 liches
  16 acid blobs
  A walking earthen tome (Depths:4)
  A titan (Vaults:3)
  4 deep elf master archers (Elf:3)
  An ancient champion (Crypt:1)
  5 deep elf blademasters (Elf:3)
  Polyphemus (Shoals:4)
  6 sphinxes
  A kraken (Shoals:3)
  3 tentacled starspawn (Abyss:4)
  8 death cobs
  12 shadow dragons
  6 tengu reavers
  A revenant (Crypt:3)
  Aizul (Shoals:4)
  6 nagarajas (Snake:4)
  6 fire giants
  12 storm dragons
  5 draconian monks
  18 azure jellies
  10 rockslimes
  3 draconian knights
  Donald (Snake:1)
  9 deep elf sorcerers
  3 iron dragons
  2 caustic shrike zombies (Crypt:3)
  A ghost moth (shapeshifter) (Depths:3)
  5 draconian shifters
  A juggernaut zombie (Crypt:3)
  A balrug (Abyss:4)
  9 frost giants
  17 vault wardens
  5 draconian scorchers
  An angel (Zot:4)
  7 ghouls
  A draconian stormcaller (Zot:2)
  3 curse skulls
  7 formless jellyfish
  3 orc warlords
  23 ironbound preservers
  7 reapers
  19 stone giants
  A quicksilver ooze (shapeshifter) (Vaults:1)
  19 very ugly things
  5 quicksilver oozes
  6 spriggan defenders
  3 draconian annihilators
  8 ironbound thunderhulks
  6 vampire knights
  8 black draconians
  2 deep elf demonologists (Elf:3)
  10 green draconians
  10 purple draconians
  11 red draconians
  9 yellow draconians
  5 white draconians
  3 deep elf annihilators
  9 dire elephants
  2 minotaurs (Shoals:4)
  2 spark wasps
  A mummy priest (Crypt:3)
  11 eidola
  A green death (D:5)
  A merfolk javelineer (Shoals:4)
  A blizzard demon (Depths:4)
  15 ettins
  11 fire dragons
  2 entropy weavers
  5 merfolk impalers
  A deep elf high priest (Elf:3)
  9 deep elf death magi
  12 jiangshi
  15 great orbs of eyes
  12 yaktaur captains
  5 ice dragons
  3 spriggan zombies (Crypt:1)
  A fenstrider witch zombie (Crypt:3)
  2 salamander tyrants
  6 hydras
  15 ironbound frosthearts
  8 spriggan air magi
  A merfolk aquamancer (Shoals:1)
  4 merfolk avatars
  A peacekeeper (Vaults:2)
  6 ogre magi
  An alligator snapping turtle (Shoals:1)
  A hell beast (Depths:1)
  10 vault guards
  15 centaur warriors
  A sphinx zombie (Depths:2)
  An alligator (shapeshifter) (Depths:3)
  2 catoblepae
  A death knight (D:13)
  11 satyrs
  4 boulder beetles
  3 spriggan skeletons (Crypt:3)
  29 dancing weapons
  8 anacondas
  2 fenstrider witch skeletons (Crypt:1)
  8 two-headed ogres
  5 tengu warriors
  7 vampire magi
  A hell hog (Depths:1)
  13 deep troll shamans
  A titan zombie (Crypt:2)
  9 shock serpents
  7 deep troll earth magi
  3 orc high priests
  11 naga warriors
  10 death yaks
  5 spriggan berserkers
  10 hell knights
  Nergalle (D:12)
  3 sun demons (Abyss:4)
  22 naga sharpshooters
  5 soul eaters (Crypt:3)
  17 deep elf knights
  A shadow wraith (Crypt:2)
  2 bunyip zombies (Crypt:3)
  5 salamander mystics
  The ghost of ShinQuickMan the Thaumaturge, a novice DECj of Gozag (D:8)
  7 skysharks
  19 iron trolls
  20 sea snakes
  4 flayed ghosts
  An anaconda zombie (Crypt:1)
  6 glowing orange brains
  8 skeletal warriors (Crypt:1)
  A storm dragon skeleton (Crypt:3)
  A quicksilver dragon simulacrum (Depths:1)
  4 spectral anacondas (Snake:4)
  69 deep trolls
  Lodul (D:10)
  13 deep elf archers
  7 wizards
  A golden dragon skeleton (Depths:2)
  5 naga ritualists
  13 lindwurms
  A shadow dragon zombie (Crypt:3)
  3 bog bodies (Crypt:2)
  17 ironbound convokers
  2 bunyip skeletons (Crypt:3)
  9 phantasmal warriors
  37 harpies
  18 necromancers
  11 orc knights
  5 anaconda skeletons
  22 deep elf zephyrmancers
  A steelbarb worm (shapeshifter) (Depths:3)
  A manticore (shapeshifter) (Vaults:2)
  An iron dragon zombie (Crypt:3)
  30 ugly things
  42 deep elf pyromancers
  5 wolf spiders
  A will-o-the-wisp (Abyss:4)
  8 orc sorcerers
  20 fauns
  20 mana vipers
  A tengu skeleton (Crypt:3)
  24 moths of wrath
  A worldbinder (Abyss:4)
  5 cyclopes
  14 manticores
  7 shining eyes
  An eleionoma skeleton (Crypt:2)
  13 merfolk sirens
  10 elephants
  Joseph (D:10)
  20 salamanders
  A goliath frog skeleton (Crypt:2)
  2 stone giant skeletons
  11 cane toads
  13 vault sentinels
  A water nymph (shapeshifter) (Vaults:4)
  4 starcursed masses (Abyss:4)
  14 naga magi
  A naga zombie (Crypt:3)
  4 water nymphs
  37 black mambas
  2 molten gargoyles (Lair:5)
  A fire giant skeleton (Vaults:1)
  An ice statue (IceCv)
  An orange demon (D:8)
  2 smoke demons
  A toenail golem (Zot:5)
  12 guardian serpents
  2 eyes of devastation
  2 gargoyles
  11 rime drakes
  2 unseen horrors
  20 komodo dragons
  A centaur skeleton (Crypt:3)
  9 freezing wraiths
  6 anaconda simulacra (Snake:4)
  2 ice devils
  45 yaktaurs
  A tengu conjurer (Depths:1)
  Psyche (D:12)
  3 kobold demonologists
  5 harpy zombies
  A tormentor (Zot:5)
  An efreet (D:15)
  A swamp worm zombie (Crypt:2)
  A hydra zombie (Crypt:3)
  A red devil (Zot:5)
  3 guardian mummies (Crypt:3)
  A black draconian skeleton (Crypt:2)
  8 trolls
  3 meliai (D:15)
  24 merfolk
  A troll (shapeshifter) (D:15)
  9 wind drakes
  12 hellwings (Crypt:3)
  15 polar bears
  6 hornets
  Grinder (D:5)
  4 blink frogs (Lair:1)
  4 raiju (Abyss:4)
  A tarantella (Vaults:4)
  An ettin zombie (Vaults:1)
  8 snapping turtles
  7 dream sheep
  A stone giant simulacrum (Vaults:1)
  A black mamba zombie (Crypt:1)
  110 slime creatures
  6 flying skulls (Crypt:2)
  An ice dragon skeleton (Crypt:1)
  3 air elementals
  4 jumping spiders (Crypt:3)
  52 yaks
  Sigmund (D:5)
  2 shadows
  A small abomination (Zot:5)
  9 wraiths
  A vampire (Abyss:4)
  3 large abominations (Abyss:4)
  5 spriggans
  2 fire elementals (Elf:3)
  13 water elementals
  6 wyverns
  7 basilisks
  5 golden eyes
  An unseen horror simulacrum (D:9)
  A redback (Crypt:3)
  A redback (shapeshifter) (Depths:3)
  A steam dragon (Lair:5)
  A neqoxec (Abyss:4)
  A spriggan simulacrum (Depths:2)
  9 vampire mosquitoes
  9 wargs
  A faun zombie (Crypt:1)
  2 acid dragons
  A naga (shapeshifter) (Elf:2)
  A glowing shapeshifter zombie (Depths:2)
  A deep troll zombie (Crypt:3)
  50 nagas
  13 water moccasins
  4 hell hounds (Lair:5)
  A demonspawn skeleton (Crypt:3)
  2 floating eyes (Slime:5)
  Duvessa (D:7)
  6 ice beasts
  3 sky beasts (D:7)
  3 naga skeletons
  39 orc warriors
  An ettin simulacrum (Crypt:1)
  2 black bears
  2 manticore zombies (Shoals:1)
  7 ogres
  A wolf (shapeshifter) (Depths:1)
  34 wolves
  8 centaurs
  A hog skeleton (Crypt:1)
  9 kobold brigands
  13 bullfrogs
  6 scorpions
  2 earth elementals
  2 gnoll sergeants
  A salamander skeleton (Crypt:1)
  6 wyvern skeletons (Crypt:3)
  17 wights
  Dowan (D:7)
  12 killer bees
  2 howler monkeys
  A shapeshifter skeleton (Crypt:1)
  2 electric eels
  5 lava snakes (Lair:5)
  3 centaur zombies
  A human simulacrum (Vaults:1)
  7 hounds
  2 gnoll boudas
  2 jellies
  5 quasits (D:8)
  25 orc priests
  A basilisk skeleton (Crypt:2)
  7 iguanas
  29 orc wizards
  2 sleepcaps
  3 centaur simulacra
  A sky beast zombie (Crypt:1)
  A hound zombie (Ossuary)
  6 mummies
  Robin (D:2)
  31 gnolls
  4 adders
  A howler monkey skeleton (Crypt:2)
  4 shadow imps
  4 white imps
  A howler monkey simulacrum (D:9)
  2 ufetubi (D:5)
  6 adder zombies (Ossuary)
  A worm (D:2)
  2 dart slugs
  73 orcs
  2 bats
  A bat zombie (Shoals:1)
  5 endoplasms
  A giant cockroach (D:1)
  4 gnoll zombies (Ossuary)
  16 goblins
  8 hobgoblins
  17 jackals
  43 kobolds
  3 quokkas
  7 ball pythons
  5 frilled lizards
  3 goblin zombies (Ossuary)
  6 hobgoblin zombies (Ossuary)
  A kobold zombie (Ossuary)
  5 quokka zombies (Ossuary)
  4 rats
  A rat skeleton (Crypt:1)
  5 rat zombies (Ossuary)
  3 tentacles (Shoals:3)
2633 creatures vanquished.

Vanquished Creatures (collateral kills)
  An orb of fire (Zot:5)
  A Killer Klown (Zot:5)
  Jory (Vaults:3)
  Zenata (Vaults:4)
  2 Orb Guardians (Zot:5)
  A deep elf blademaster (Elf:2)
  A shadow dragon (Zot:1)
  A storm dragon (Zot:1)
  2 draconian shifters
  2 ironbound preservers (Vaults:4)
  2 green draconians (Zot:5)
  A white draconian (Zot:5)
  An ice dragon (Depths:1)
  A salamander tyrant (Snake:3)
  A merfolk avatar (Shoals:4)
  A satyr (Shoals:4)
  A deep elf knight (Elf:2)
  2 deep trolls (Vaults:4)
  A salamander (Snake:3)
  A black mamba (Snake:1)
  A naga mage (WizLab)
  A yaktaur (Vaults:4)
  A merfolk (Shoals:4)
  4 slime creatures
  A yak (Lair:2)
  2 vampire mosquitoes (D:12)
  An orc warrior (Bailey)
  3 ogres (D:10)
39 creatures vanquished.

Vanquished Creatures (others)
  A fire giant (Depths:2)
  A deep elf death mage (Elf:3)
  A tengu warrior (D:14)
  A salamander (D:13)
  A polar bear (D:13)
  8 tentacles (Shoals:3)
13 creatures vanquished.

Grand Total: 2685 creatures vanquished

Notes
Turn   | Place    | Note
-------+----------+-------------------------------------------
     0 | D:1      | Hi5aMiFi the Formicid Fighter began the quest for the Orb.
     0 | D:1      | Reached XP level 1. HP: 18/18 MP: 1/1
   128 | D:1      | Reached XP level 2. HP: 24/25 MP: 2/2
   478 | D:1      | Reached XP level 3. HP: 30/30 MP: 3/3
   483 | D:1      | Found Kocuus's Antique Armour Shop.
  1021 | D:2      | Reached XP level 4. HP: 38/38 MP: 4/4
  1254 | D:2      | Noticed Robin
  1462 | D:2      | Reached skill level 5 in Fighting
  2029 | D:2      | Killed Robin
  2030 | D:2      | Reached XP level 5. HP: 41/44 MP: 5/5
  3252 | D:3      | Reached skill level 1 in Maces & Flails
  3252 | D:3      | Reached skill level 5 in Armour
  3252 | D:3      | Reached XP level 6. HP: 45/46 MP: 6/6
  4239 | D:4      | Found an ancient bone altar of Kikubaaqudgha.
  4289 | D:4      | Reached XP level 7. HP: 56/57 MP: 7/7
  4524 | D:4      | Found a burning altar of Makhleb.
  4532 | D:4      | Became a worshipper of Makhleb the Destroyer
  4682 | D:5      | Entered Level 5 of the Dungeon
  4763 | D:5      | Reached skill level 1 in Throwing
  4854 | D:5      | Found Uschaati's Weapon Shoppe.
  4946 | D:5      | Reached skill level 1 in Axes
  5031 | D:5      | Found Zin's Purification Station.
  5202 | D:5      | Noticed Grinder
  5257 | D:5      | Killed Grinder
  5258 | D:5      | Reached XP level 8. HP: 60/65 MP: 8/8
  5446 | D:5      | Found a glowing silver altar of Zin.
  5581 | D:5      | Noticed Sigmund
  5705 | D:6      | Identified the ring of the Locust {rF+ rC++ Will+ Slay+3}
  5746 | D:6      | Reached * piety under Makhleb
  5747 | D:6      | Reached skill level 5 in Axes
  5943 | D:6      | Found a stormy altar of Qazlal.
  5961 | D:6      | Found a sacrificial altar of Ru.
  6106 | D:7      | Reached XP level 9. HP: 61/72 MP: 9/9
  6146 | D:7      | Found a hazy altar of Hepliaklqana.
  6500 | D:7      | Found a staircase to the Ecumenical Temple.
  7720 | D:6      | Reached skill level 1 in Evocations
  8027 | D:8      | Noticed ShinQuickMan's ghost (novice DECj)
  8030 | D:8      | Found a transporter.
  8039 | D:8      | Found a transporter.
  8100 | D:8      | Reached XP level 10. HP: 80/80 MP: 10/10
  8112 | D:8      | Reached ** piety under Makhleb
  8159 | D:8      | Found a sand-covered staircase.
  8168 | Ossuary  | Entered an ossuary
  8636 | D:8      | Found a transporter.
  8681 | D:8      | Reached *** piety under Makhleb
  8692 | D:8      | Reached skill level 1 in Invocations
  8963 | D:8      | Found a transporter.
  8969 | D:8      | Noticed a kobold demonologist
  9454 | D:9      | Reached skill level 5 in Maces & Flails
 10039 | D:9      | Reached XP level 11. HP: 89/89 MP: 13/13
 10094 | D:9      | Reached **** piety under Makhleb
 10117 | D:9      | Reached skill level 10 in Armour
 10627 | D:9      | Reached skill level 5 in Invocations
 11390 | D:1      | Bought a masterwork plate armour for 588 gold pieces
 11390 | D:1      | Identified the +6 plate armour "Quonanuam" {Int-4 Dex+5
                  | SInv Stlth+} (You bought it in a shop on level 1 of the
                  | Dungeon)
 11811 | D:10     | Entered Level 10 of the Dungeon
 11837 | D:10     | Found a flagged portal.
 11849 | Bailey   | Entered a bailey
 11989 | Bailey   | Noticed an orc knight
 11999 | Bailey   | Killed an orc knight
 12000 | Bailey   | Reached skill level 10 in Fighting
 12050 | Bailey   | Reached ***** piety under Makhleb
 12056 | Bailey   | Found a burning altar of Makhleb.
 12552 | D:7      | Reached XP level 12. HP: 97/97 MP: 16/16
 12556 | D:7      | Noticed Duvessa
 12556 | D:7      | Noticed Dowan
 12566 | D:7      | Killed Duvessa
 12574 | D:7      | Killed Dowan
 12893 | D:5      | Killed Sigmund
 13101 | D:10     | Found Xeohatyil's Gadget Gallery.
 13170 | D:10     | Noticed Joseph
 13188 | D:10     | Killed Joseph
 13288 | D:10     | Found a shimmering blue altar of Sif Muna.
 13288 | D:10     | Found a snail-covered altar of Cheibriados.
 13289 | D:10     | Found a basalt altar of Yredelemnul.
 13406 | D:11     | Noticed a two-headed ogre
 13411 | D:11     | Noticed a two-headed ogre
 13417 | D:11     | Killed a two-headed ogre
 13424 | D:11     | Killed a two-headed ogre
 13592 | D:11     | Found a staircase to the Orcish Mines.
 14281 | D:10     | Noticed Lodul
 14295 | D:10     | Killed Lodul
 14296 | D:10     | Reached skill level 5 in Throwing
 14398 | D:10     | Found a staircase to the Lair.
 14435 | Lair:1   | Entered Level 1 of the Lair of Beasts
 14459 | Lair:1   | Found a gate leading to a gauntlet.
 14476 | Gauntlet | Entered a Gauntlet
 14476 | Gauntlet | Found a transporter.
 14477 | Gauntlet | Noticed a quicksilver ooze
 14479 | Gauntlet | Found a transporter.
 14491 | Gauntlet | Found a transporter.
 14495 | Gauntlet | Found a transporter.
 14507 | Gauntlet | Found a transporter.
 14524 | Gauntlet | Noticed a quicksilver ooze
 14527 | Gauntlet | Found a transporter.
 14531 | Gauntlet | Found a transporter.
 14535 | Gauntlet | Found a transporter.
 14565 | Gauntlet | Found a transporter.
 14565 | Gauntlet | Noticed a thrashing horror
 14567 | Gauntlet | Found a transporter.
 14570 | Gauntlet | Found a transporter.
 14575 | Gauntlet | Noticed a death scarab
 14576 | Gauntlet | Noticed a death scarab
 14583 | Gauntlet | Found a transporter.
 15075 | Lair:1   | Reached XP level 13. HP: 105/105 MP: 18/18
 15191 | Lair:1   | Identified the +8 chain mail of Jinevasott {rElec rF+}
 15602 | Lair:1   | Reached skill level 10 in Maces & Flails
 15611 | Lair:1   | Reached skill level 5 in Evocations
 15759 | Lair:1   | Found the +2 ratskin cloak {*Rats rPois rN+ Str-1 Int-1
                  | Dex+1}
 16418 | Lair:3   | Noticed a five-headed hydra
 16425 | Lair:2   | Killed a five-headed hydra
 17069 | Lair:4   | Identified the +0 scale mail of the Garden {rF+ rC++ Str-2}
 17117 | Lair:4   | Noticed Rupert
 17452 | Lair:3   | Reached ****** piety under Makhleb
 17862 | Lair:3   | Found a staircase to the Snake Pit.
 18148 | Lair:2   | Found a staircase to the Shoals.
 18162 | Lair:2   | Reached XP level 14. HP: 113/113 MP: 20/20
 18521 | Lair:5   | Entered Level 5 of the Lair of Beasts
 19919 | Lair:5   | Found a large runed translucent door.
 19920 | Lair:5   | Found a large runed translucent door.
 20296 | D:8      | Killed ShinQuickMan's ghost
 20673 | D:12     | Noticed Nergalle
 20688 | D:12     | Killed Nergalle
 20698 | D:12     | Reached XP level 15. HP: 113/121 MP: 22/22
 20894 | D:12     | Noticed Psyche
 20910 | D:12     | Killed Psyche
 21294 | D:12     | Found Ekhlup's Book Shoppe.
 21417 | D:13     | Reached skill level 10 in Throwing
 21468 | D:13     | Found a frozen archway.
 21483 | D:13     | Reached skill level 10 in Invocations
 21521 | IceCv    | Entered an ice cave
 21912 | IceCv    | Noticed a frost giant
 21919 | IceCv    | Killed a frost giant
 22344 | D:13     | Reached skill level 5 in Shields
 22446 | D:13     | Found the +3 salamander hide armour {Flames, rFlCloud rF++
                  | rC--}
 22574 | D:13     | Noticed an ironbound preserver
 22585 | D:13     | Killed an ironbound preserver
 22767 | D:13     | Found a gate to the Vaults.
 23313 | D:14     | Reached XP level 16. HP: 131/131 MP: 23/23
 23536 | D:14     | Found a stormy altar of Qazlal.
 23752 | Orc:1    | Entered Level 1 of the Orcish Mines
 24420 | Orc:2    | Entered Level 2 of the Orcish Mines
 24704 | Orc:2    | Found a staircase to the Elven Halls.
 24866 | Orc:2    | Found Naolakef's Jewellery Boutique.
 25106 | Orc:2    | Found Omealeje's Antique Weapon Boutique.
 25412 | Orc:2    | Reached skill level 10 in Shields
 25550 | Orc:2    | Found Noigumeq's Antique Armour Emporium.
 25554 | Orc:2    | Found Zammiabb's Antique Weapon Shoppe.
 25633 | Orc:2    | Bought the necklace of Bloodlust {Fury *Rage Will++ Int-3
                  | Slay+6} for 770 gold pieces
 25633 | Orc:2    | Found the necklace of Bloodlust {Fury *Rage Will++ Int-3
                  | Slay+6}
 25713 | D:10     | Bought a phantom mirror for 600 gold pieces
 25713 | D:10     | Bought a wand of roots (5) for 180 gold pieces
 25713 | D:10     | Bought a wand of quicksilver (3) for 189 gold pieces
 25821 | Lair:4   | Found a viscous altar of Jiyva.
 25822 | Lair:4   | Found a staircase to the Slime Pits.
 25862 | Lair:4   | Identified the +8 scale mail of a bailey {rC- rN+ Str+4}
 26252 | Lair:4   | Killed Rupert
 26487 | D:5      | Bought a potion of curing for 90 gold pieces
 26681 | Snake:1  | Entered Level 1 of the Snake Pit
 27791 | Snake:3  | Reached skill level 15 in Fighting
 27856 | Snake:3  | Reached XP level 17. HP: 142/142 MP: 24/24
 28271 | Snake:3  | Reached skill level 15 in Shields
 29233 | Snake:1  | Noticed Donald
 29251 | Snake:1  | Killed Donald
 30365 | Snake:4  | Entered Level 4 of the Snake Pit
 31027 | Snake:4  | Reached XP level 18. HP: 112/149 MP: 25/25
 31570 | Snake:4  | Noticed Vashnia
 31636 | Snake:4  | Killed Vashnia
 32028 | Snake:4  | Got a serpentine rune of Zot
 32327 | Orc:2    | Bought a faintly glowing demon whip for 520 gold pieces
 32327 | Orc:2    | Identified the +7 demon whip "Ceneoch" {freeze, rF+ rC++
                  | Will- Str+3} (You bought it in a shop on level 2 of the
                  | Orcish Mines)
 32486 | Shoals:1 | Entered Level 1 of the Shoals
 32829 | Shoals:2 | Reached XP level 19. HP: 151/155 MP: 27/27
 33005 | Shoals:2 | Found a gateway to a bazaar.
 33016 | Bazaar   | Entered a bazaar
 33030 | Bazaar   | Found Siment's General Store.
 33051 | Bazaar   | Found Adwourgh's Distillery.
 33072 | Bazaar   | Found Azogguun's Distillery.
 33089 | Bazaar   | Found Edadibum's Weapon Emporium.
 33139 | Bazaar   | Bought a potion of curing for 27 gold pieces
 33139 | Bazaar   | Bought a potion of enlightenment for 45 gold pieces
 33139 | Bazaar   | Bought a potion of enlightenment for 45 gold pieces
 33139 | Bazaar   | Bought 2 potions of heal wounds for 90 gold pieces
 33139 | Bazaar   | Bought a potion of lignification for 27 gold pieces
 33139 | Bazaar   | Bought a potion of heal wounds for 45 gold pieces
 33153 | Bazaar   | Bought 2 potions of lignification for 60 gold pieces
 33153 | Bazaar   | Bought a potion of heal wounds for 50 gold pieces
 33153 | Bazaar   | Bought a potion of mutation for 80 gold pieces
 33153 | Bazaar   | Bought a potion of might for 40 gold pieces
 33167 | Bazaar   | Bought a potion of ambrosia for 80 gold pieces
 33181 | Bazaar   | Bought a potion of enlightenment for 50 gold pieces
 33831 | Shoals:3 | Reached skill level 15 in Armour
 35767 | Shoals:4 | Entered Level 4 of the Shoals
 35996 | Shoals:4 | Noticed Polyphemus
 35996 | Shoals:4 | Noticed Aizul
 36025 | Shoals:4 | Killed Polyphemus
 36038 | Shoals:4 | Killed Aizul
 36062 | Shoals:4 | Reached XP level 20. HP: 146/162 MP: 29/29
 36093 | Shoals:4 | Identified the ring of Kyucin Lemag {Fire rElec}
 36143 | Shoals:4 | Got a barnacled rune of Zot
 36343 | Shoals:4 | Noticed Mara
 36345 | Shoals:4 | Noticed Hi5aMiFi's illusion
 36394 | Shoals:4 | Killed Mara
 36669 | Shoals:4 | Identified the ring of Generosity {rC+++ MP+9 Str+5 Int+6}
 36908 | D:10     | Bought a phial of floods for 600 gold pieces
 37044 | Vaults:1 | Entered Level 1 of the Vaults
 37893 | Vaults:1 | Reached XP level 21. HP: 168/168 MP: 32/32
 37907 | Vaults:1 | Reached skill level 15 in Invocations
 38684 | Vaults:2 | Noticed Nikola
 38699 | Vaults:2 | Killed Nikola
 39203 | Vaults:2 | Identified the +3 ring mail of the Louse {rF+ rC- Will++
                  | rCorr}
 39502 | Vaults:2 | Found a staircase to the Crypt.
 39502 | Vaults:2 | Found a basalt altar of Yredelemnul.
 39503 | Vaults:2 | Found an ancient bone altar of Kikubaaqudgha.
 39983 | Vaults:2 | Reached skill level 10 in Evocations
 40000 | Vaults:2 | Reached XP level 22. HP: 175/175 MP: 34/34
 40587 | Vaults:3 | Found a magical portal.
 40604 | WizLab   | Entered Yara's Duelist Academy
 41039 | WizLab   | Noticed Guoxoyr
 41053 | WizLab   | Killed Guoxoyr the Head Instructor
 41069 | WizLab   | Found the +5 demon whip "Spellbinder" {antimagic, disrupt,
                  | Will+}
 41255 | Vaults:4 | Noticed Zenata
 41267 | Vaults:4 | Killed Zenata
 41491 | Vaults:4 | Found Baog's Distillery.
 41578 | Vaults:4 | Identified a scroll of acquirement
 41626 | Vaults:4 | Acquired 330 gold pieces
 43107 | Vaults:3 | Noticed Jory
 43120 | Vaults:3 | Killed Jory
 43262 | Vaults:3 | Reached XP level 23. HP: 128/181 MP: 36/36
 43435 | Vaults:3 | Reached skill level 15 in Throwing
 43721 | Vaults:3 | Noticed Mennas
 43752 | Vaults:3 | Killed Mennas
 43942 | Vaults:3 | Noticed Norris
 43962 | Vaults:3 | Killed Norris
 44603 | D:1      | Bought a runed plate armour for 546 gold pieces
 44880 | D:15     | Entered Level 15 of the Dungeon
 44937 | D:15     | Found Jaalecly's Jewellery Emporium.
 45127 | D:15     | Found Etitzur's Elemental Accessories.
 46009 | D:15     | Found a staircase to the Depths.
 46221 | Elf:1    | Entered Level 1 of the Elven Halls
 46223 | Elf:1    | Found an ancient bone altar of Kikubaaqudgha.
 46346 | Elf:1    | Found Erulec's Magic Scroll Boutique.
 46568 | Elf:1    | Found Ruraots's Antique Weapon Shop.
 46947 | Elf:1    | Found Jirox's Jewellery Shoppe.
 46980 | Elf:1    | Found Zaidenats's Magic Scroll Emporium.
 46983 | Elf:1    | Bought a scroll of fog for 60 gold pieces
 46983 | Elf:1    | Bought a scroll of revelation for 112 gold pieces
 46983 | Elf:1    | Bought a scroll of revelation for 112 gold pieces
 47319 | Elf:2    | Acquired the +10 tower shield of Ignorance {rN+ Int-4}
 47319 | Elf:2    | Found the +10 tower shield of Ignorance {rN+ Int-4}
 47418 | Elf:1    | Found a radiant altar of Vehumet.
 47464 | Elf:2    | Reached skill level 5 in Polearms
 47577 | Elf:2    | Found a runed translucent gate.
 47577 | Elf:2    | Found a runed translucent gate.
 47578 | Elf:2    | Found a runed translucent gate.
 48075 | Elf:2    | Reached XP level 24. HP: 164/191 MP: 15/37
 48666 | Elf:3    | Entered Level 3 of the Elven Halls
 49743 | Elf:3    | Reached skill level 10 in Polearms
 49888 | Elf:3    | Found the +15 Maxwell's patent armour {-Cast -Tele rElec
                  | Will+ rCorr}
 49894 | Elf:3    | Got Jentemia's Handbook of Fetching Profane Rites
 49927 | Elf:3    | Identified the +6 hand axe "Vubed" {flame, rElec}
 50034 | Elf:3    | Got Sif Muna's Octavo of Gathered Fever
 50035 | Elf:3    | Identified the ring "Etiakeic" {rPois Slay+3}
 50052 | Elf:3    | Identified the +3 mace "Sarcophage" {drain, *Noise Will++
                  | Dex+4}
 50061 | Elf:3    | Got the Precepts of the Gusty Switch
 50320 | Orc:2    | Bought a jewelled glaive for 299 gold pieces
 50320 | Orc:2    | Identified the +6 glaive of Chagrin {freeze, Fragile Int+8}
                  | (You bought it in a shop on level 2 of the Orcish Mines)
 50394 | Elf:1    | Bought an ebony great mace for 253 gold pieces
 50394 | Elf:1    | Identified the +1 great mace "Fikidif" {venom, rElec rC+
                  | rCorr} (You bought it in a shop on level 1 of the Elven
                  | Halls)
 50678 | Vaults:4 | Bought a potion of heal wounds for 100 gold pieces
 50791 | Crypt:1  | Entered Level 1 of the Crypt
 51286 | Crypt:1  | Noticed Margery
 51303 | Crypt:1  | Reached XP level 25. HP: 201/201 MP: 37/37
 51305 | Crypt:1  | Killed Margery
 51371 | Crypt:1  | Found a large runed translucent door.
 51371 | Crypt:1  | Found a large runed translucent door.
 51374 | Crypt:1  | Noticed Igymira's ghost (veteran MiGl)
 51712 | Crypt:2  | Noticed Sojobo
 51815 | Crypt:2  | Noticed Khufu
 51838 | Crypt:2  | Killed Khufu
 51941 | Crypt:2  | Noticed Grunn
 51957 | Crypt:2  | Killed Grunn
 51980 | Crypt:2  | Killed Sojobo
 52564 | Crypt:3  | Entered Level 3 of the Crypt
 53909 | Crypt:3  | Found a staircase to the Tomb.
 54097 | Crypt:3  | Found an ancient bone altar of Kikubaaqudgha.
 54270 | Crypt:3  | Reached skill level 15 in Polearms
 54463 | Crypt:3  | Noticed an ancient lich
 54476 | Crypt:3  | Killed an ancient lich
 54523 | Crypt:3  | Noticed an ancient lich
 54540 | Crypt:3  | Killed an ancient lich
 54822 | Vaults:4 | Bought a potion of lignification for 60 gold pieces
 55078 | D:10     | Bought a tin of tremorstones (2/2) for 600 gold pieces
 55193 | Slime:1  | Entered Level 1 of the Pits of Slime
 55243 | Slime:1  | Reached XP level 26. HP: 183/208 MP: 37/37
 56269 | Slime:5  | Entered Level 5 of the Pits of Slime
 56703 | Slime:5  | Found a viscous altar of Jiyva.
 56714 | Slime:5  | Noticed the Royal Jelly
 56738 | Slime:5  | Killed the Royal Jelly
 57216 | Slime:5  | Found the +10 zealot's sword {holy, Zealotry, *Rage rN+
                  | EV+3}
 57217 | Slime:5  | Found the +7 great mace "Undeadhunter" {deathbane, rN+}
 57243 | Slime:5  | Identified the ring of Quas Edo {Will+ Int+2}
 57305 | Slime:5  | Identified the staff of a wizard's laboratory {Will- Str+2
                  | Int+3 Stlth+ Earth}
 57319 | Slime:5  | Identified the +4 plate armour of Resourcefulness {-Tele
                  | Slay-4 SInv Stlth+}
 57331 | Slime:5  | Got a slimy rune of Zot
 57336 | Slime:5  | Identified the +0 plate armour "Asug" {Regen+ Str+5 Dex-3}
 57389 | Slime:5  | Acquired a manual of Fighting
 57577 | Slime:5  | Gained mutation: You are dopey. (Int -2) [a shining eye]
 57579 | Slime:5  | Gained mutation: You are vulnerable to heat. (rF-) [a
                  | shining eye]
 57582 | Slime:5  | Lost mutation: You are dopey. (Int -2) [potion of mutation]
 57582 | Slime:5  | Lost mutation: You are vulnerable to heat. (rF-) [potion of
                  | mutation]
 57582 | Slime:5  | Gained mutation: Your system is resistant to poisons.
                  | (rPois) [potion of mutation]
 58248 | Depths:1 | Entered Level 1 of the Depths
 58277 | Depths:1 | Found a one-way gate leading to the halls of Pandemonium.
 58300 | Depths:1 | Found a gateway to Hell.
 58785 | Depths:1 | Found an opulent altar of Gozag.
 58861 | Depths:1 | Found Vibod's Weapon Emporium.
 58863 | Depths:1 | Found Nakama's Antique Armour Shoppe.
 58865 | Depths:1 | Found Topesy's Weapon Emporium.
 58882 | Depths:1 | Bought a pair of glowing gloves for 330 gold pieces
 58894 | Depths:1 | Bought 2 silver javelins for 324 gold pieces
 58981 | Depths:1 | Got the Volume of the Petrified Stinger
 59291 | Depths:1 | Reached XP level 27. HP: 208/219 MP: 28/37
 59441 | Depths:1 | Found a hide-covered altar of Uskayaw.
 59876 | Depths:2 | Noticed Asterion
 59884 | Depths:2 | Killed Asterion
 60373 | Depths:2 | Noticed a juggernaut
 60387 | Depths:2 | Killed a juggernaut
 61212 | Depths:3 | Noticed the Enchantress
 61267 | Depths:3 | Killed the Enchantress
 62041 | Depths:3 | Found a one-way gate to the infinite horrors of the Abyss.
 62042 | Depths:3 | Found a one-way gateway to a ziggurat.
 62042 | Depths:3 | Found a corrupted altar of Lugonu.
 62685 | Depths:3 | Found a burning altar of Makhleb.
 62685 | Depths:3 | Found a runed translucent door.
 62686 | Depths:3 | Found a runed translucent door.
 62690 | Depths:3 | Identified the amulet of Zarog {Faith rC++ Dex-5}
 62692 | Depths:3 | Found a runed translucent door.
 62692 | Depths:3 | Found a runed translucent door.
 62717 | Depths:3 | Identified the ring "Ceubbunkawk" {rN+ Dex+5}
 62764 | Depths:3 | Identified the ring "Eleimn" {*Slow rF+ rN+ Dex+5 SInv}
 62771 | Depths:3 | Identified the ring "Wurcher" {rC+ Dex+5}
 63012 | Depths:4 | Entered Level 4 of the Depths
 63384 | Depths:4 | Found a portal to a secret trove of treasure.
 63429 | Depths:4 | Noticed a juggernaut
 63459 | Depths:4 | Killed a juggernaut
 63980 | Depths:4 | Found a gate to the Realm of Zot.
 64152 | Zot:1    | Entered Level 1 of the Realm of Zot
 64196 | Zot:1    | Noticed an orb of fire
 64200 | Zot:1    | Gained mutation: Your magical capacity is low. (-10% MP)
                  | [an orb of fire]
 64209 | Zot:1    | Killed an orb of fire
 65123 | Zot:1    | Identified the +6 morningstar "Pozei" {heavy, Int+3}
 67159 | Zot:4    | Found the +4 dragonskin cloak
 67159 | Zot:4    | Noticed Tiamat
 67185 | Zot:4    | Killed Tiamat
 67199 | Zot:4    | Noticed a Killer Klown
 67199 | Zot:4    | Noticed a Killer Klown
 67199 | Zot:4    | Noticed a Killer Klown
 67199 | Zot:4    | Noticed a Killer Klown
 67199 | Zot:4    | Noticed a Killer Klown
 67199 | Zot:4    | Noticed a Killer Klown
 67199 | Zot:4    | Noticed a Killer Klown
 67206 | Zot:4    | Killed a Killer Klown
 67219 | Abyss:4  | Cast into level 4 of the Abyss (Killer Klown)
 67408 | Abyss:4  | Found a corrupted altar of Lugonu.
 67485 | Zot:4    | Escaped the Abyss
 67491 | Zot:4    | Killed a Killer Klown
 67499 | Zot:4    | Killed a Killer Klown
 67517 | Zot:4    | Killed a Killer Klown
 67521 | Zot:4    | Reached skill level 15 in Evocations
 67528 | Zot:4    | Killed a Killer Klown
 67531 | Zot:4    | Killed a Killer Klown
 67540 | Zot:4    | Killed a Killer Klown
 69538 | Vaults:4 | Bought a potion of resistance for 200 gold pieces
 69538 | Vaults:4 | Bought a potion of mutation for 160 gold pieces
 69538 | Vaults:4 | Bought a potion of mutation for 160 gold pieces
 69538 | Vaults:4 | Bought a potion of mutation for 160 gold pieces
 69538 | Vaults:4 | Bought 2 potions of mutation for 320 gold pieces
 69794 | D:10     | Bought a sack of spiders for 600 gold pieces
 70830 | Zot:5    | Entered Level 5 of the Realm of Zot
 71421 | Zot:5    | Noticed an ancient lich
 71434 | Zot:5    | Killed an ancient lich
 71487 | Zot:5    | Noticed a Killer Klown
 71495 | Zot:5    | Killed a Killer Klown
 71565 | Zot:5    | Noticed an orb of fire
 71573 | Zot:5    | Killed an orb of fire
 71596 | Zot:5    | Noticed an orb of fire
 71596 | Zot:5    | Noticed an orb of fire
 71596 | Zot:5    | Gained mutation: You are vulnerable to cold. (rC-) [an orb
                  | of fire]
 71598 | Zot:5    | Gained mutation: You do not regenerate when monsters are
                  | visible. [an orb of fire]
 71604 | Zot:5    | Gained mutation: Armour fits poorly on your strangely
                  | shaped body. [an orb of fire]
 71606 | Zot:5    | Lost mutation: Your system is resistant to poisons. (rPois)
                  | [an orb of fire]
 71612 | Zot:5    | Gained mutation: You are agile. (Dex +4, Str/Int -1) [an
                  | orb of fire]
 71639 | Zot:5    | Gained mutation: You occasionally shout uncontrollably at
                  | your foes. [an orb of fire]
 71642 | Zot:5    | Killed an orb of fire
 71644 | Zot:5    | Killed an orb of fire
 71651 | Zot:5    | Lost mutation: You are vulnerable to cold. (rC-) [potion of
                  | mutation]
 71651 | Zot:5    | Lost mutation: You are agile. (Dex +4, Str/Int -1) [potion
                  | of mutation]
 71652 | Zot:5    | Lost mutation: You occasionally shout uncontrollably at
                  | your foes. [potion of mutation]
 71652 | Zot:5    | Lost mutation: Armour fits poorly on your strangely shaped
                  | body. [potion of mutation]
 71652 | Zot:5    | Lost mutation: Your magical capacity is low. (-10% MP)
                  | [potion of mutation]
 71652 | Zot:5    | Gained mutation: You are strong-willed. (Will+) [potion of
                  | mutation]
 71652 | Zot:5    | Gained mutation: Your flesh is heat resistant. (rF+)
                  | [potion of mutation]
 71652 | Zot:5    | Gained mutation: You are partially covered in iridescent
                  | scales. (AC +2) [potion of mutation]
 71931 | Zot:5    | Noticed an orb of fire
 71936 | Zot:5    | Killed an orb of fire
 71936 | Zot:5    | Noticed an orb of fire
 71941 | Zot:5    | Killed an orb of fire
 71955 | Zot:5    | Noticed an orb of fire
 71960 | Zot:5    | Noticed a Killer Klown
 71961 | Zot:5    | Noticed a Killer Klown
 71962 | Zot:5    | Noticed an ancient lich
 71965 | Zot:5    | Gained mutation: Your system is resistant to poisons.
                  | (rPois) [an orb of fire]
 71971 | Zot:5    | Noticed an orb of fire
 71972 | Zot:5    | Gained mutation: Your body sometimes deteriorates upon
                  | taking damage. [an orb of fire]
 71973 | Zot:5    | Killed an orb of fire
 71975 | Zot:5    | Killed an ancient lich
 71983 | Zot:5    | Killed a Killer Klown
 71988 | Zot:5    | Gained mutation: You are weak. (Str -2) [an orb of fire]
 71994 | Zot:5    | Killed an orb of fire
 72002 | Zot:5    | Killed a Killer Klown
 72066 | Zot:5    | Noticed a dread lich
 72072 | Zot:5    | Killed a dread lich
 72093 | Zot:5    | Noticed a dread lich
 72098 | Zot:5    | Killed a dread lich
 72307 | Zot:5    | Got the Orb of Zot
 72374 | Zot:5    | Noticed Qyhunan the pandemonium lord
 72393 | Zot:5    | Killed Qyhunan the pandemonium lord
 72428 | Zot:5    | Noticed a seraph
 72780 | D:10     | Noticed Xuxatsimm the pandemonium lord
 72996 | D:$      | Escaped with the Orb!

Illustrated notes

Levels and vault maps discovered:
D:1:      dpeg_arrival_short_road, layout_loops_ring, serial_shops, shop,
          minmay_pentomino_x2
D:2:      layout_loops_ring, kennysheep_small_spiral, uniq_robin
D:3:      layout_rooms
D:4:      layout_cave_pools, lightli_temple_of_fire,
          lemuel_coloured_pillars_altar
D:5:      layout_basic, zin_purify, serial_shops, shop, uniq_sigmund,
          uniq_grinder
D:6:      layout_basic, gammafunk_temple_overflow_pools, grunt_ministairs_10,
          nicolae_concentric_dashed_squares_mild
D:7:      layout_loops_corners, mainiacjoe_overflow_chevrons,
          minmay_temple_entry_purple_smoke, uniq_duvessa
D:8:      gammafunk_wand_slinger, layout_basic, gammafunk_ghost_stat_death,
          enter_ossuary_2
D:9:      layout_basic, serial_ice, serial_ice_a, serial_ice_k, serial_ice_b,
          serial_ice_f, serial_ice_m, serial_ice_n, serial_ice_g, serial_ice_e,
          serial_ice_d, serial_ice_c
D:10:     layout_roguey, gammafunk_temple_overflow_claw,
          erik_lair_orcish_takeover, enter_bailey_2, nicolae_shop_gadgets,
          uniq_lodul, uniq_joseph
D:11:     layout_loops_ring, orc_0_dummy
D:12:     layout_cave_pools, serial_shops, nicolae_shop_pleasant_corner_grove,
          st_stairs_14, nicolae_straight_to_the_point, uniq_psyche,
          uniq_nergalle
D:13:     layout_rooms, skrybe_vaults_entry_preservation,
          portal_ice_cave_entry_animals_and_master,
          hellmonk_guarded_unrand_salamander
D:14:     layout_loops_cross, nicolae_qazlal_general_emergency,
          lemuel_flamethrower_2
D:15:     hangedman_depths_entry_try_elsewhere_first, layout_grid_maze,
          serial_shops, shop, nicolae_kite_square_tiling_tiny, nrook_campfire,
          nicolae_elemental_shop
Lair:1:   layout_layer_cave, gauntlet_entry_generic
Lair:2:   layout_chaotic_city, minmay_shoals_entry_hut
Lair:3:   layout_gridlike, guppyfry_snake_entry_island,
          chequers_serial_rivers_micro_e
Lair:4:   layout_regular_city, slime_entry_1, uniq_rupert
Lair:5:   cheibrodos_lair_end_hotspot, layout_regular_city, st_stairs_8,
          fungi_pond_lemuel, grunt_forest_large_clearing_hut
Shoals:1: cheibrodos_shoals_epimethial_gifts, layout_shoals,
          nicolae_shoals_undead_eyrie
Shoals:2: layout_shoals, serial_shops, bzr_entry_road
Shoals:3: layout_shoals
Shoals:4: shoals_end_hellmonk_lost_city, uniq_polyphemus, uniq_aizul, uniq_mara
Snake:1:  layout_onion, grunt_ministairs_9, hangedman_snake_corridor_cut,
          uniq_donald
Snake:2:  layout_chambers
Snake:3:  layout_onion
Snake:4:  grunt_snake_rune_pools, layout_misc_corridors,
          nicolae_snake_dead_anacondas, serial_bayou_shore_a, uniq_vashnia
Slime:1:  layout_caves, cheibrodos_slime_lost_civilization_7
Slime:2:  layout_caves
Slime:3:  layout_caves
Slime:4:  layout_caves
Slime:5:  slime_pit_nicolae_block_by_block
Orc:1:    layout_caves, basic_altar
Orc:2:    grunt_orc_community_town_hall, layout_diamond_mine,
          grunt_orc_community_big_house_2, grunt_orc_community_big_house_2,
          grunt_orc_community_house_3, grunt_orc_community_house_2,
          grunt_orc_community_house_3, grunt_orc_community_house_2,
          grunt_orc_community_house_1, grunt_orc_community_house_2, basic_altar
Elf:1:    layout_loops_ring, basic_altar, serial_shops, shop, shop,
          nicolae_shop_statue_plus, nicolae_shop_competitors_out_of_business,
          minmay_elf_sorcery, hangedman_elven_crosses_minicolossus,
          lemuel_upstairs_altar
Elf:2:    elven_hall_of_blades_hangedman_original
          [infiniplex_blade_entry_pillars], layout_loops_corners, abandoned_shop
Elf:3:    minmay_elf_hall, layout_gridlike, drop_trap
Vaults:1: nicolae_vaults_stepped_doors, v_misc_12, hangedman_vaults_nails,
          ontoclasm_vaults_chip, nicolae_vaults_storage_closets_2,
          vaults_room_grunt_arrival_ludios, ontoclasm_vaults_idyll,
          nicolae_vaults_shipping_containers_4, v_misc_8,
          nicolae_vaults_tetromino_L_2, vaults_room_large_hall,
          nicolae_vaults_trapezoid_lopsided_2, hangedman_vaults_impose,
          nicolae_vaults_apartment_2, layout_vaults_omnibox
Vaults:2: nicolae_vaults_thirteen_compartments,
          nicolae_vaults_shrinking_rooms_2, v_misc_27,
          minmay_crypt_entry_necro_gods, nicolae_vaults_trapezoid_4,
          nicolae_vaults_network_s, vaults_dpeg_encased_lava,
          vaults_dpeg_diagonal, v_misc_11, nicolae_vaults_mini_display_case,
          v_misc_2, ontoclasm_vaults_decontamination, layout_vaults_big_room,
          uniq_nikola
Vaults:3: infiniplex_enter_wizlab_glasses, vaults_room_hangedman_quadrants,
          nicolae_vaults_tetromino_T_1, vaults_room_semicircle,
          nicolae_vaults_diamond_1, nicolae_vaults_three_branches, v_misc_5,
          nicolae_vaults_shelves_hall, v_pattern_1, v_misc_12,
          ontoclasm_vaults_shuriken, vaults_room_stairs_pillars,
          nicolae_vaults_tetromino_L_2, ontoclasm_vaults_hangar,
          nicolae_vaults_trapezoid_layered, layout_vaults_ring, uniq_norris,
          uniq_mennas, uniq_jory
Vaults:4: nicolae_vaults_big_angled_halls, nicolae_vaults_door_testing_chamber,
          hangedman_vaults_trim, v_misc_33, nicolae_vaults_trapezoid_3,
          nicolae_vaults_surprise_closet, nicolae_vaults_storage_closets_1,
          nicolae_vaults_rhombus_5, nicolae_vaults_frosty_reception, v_misc_16,
          ontoclasm_vaults_fault, nicolae_vaults_specimen_jars,
          hangedman_vaults_stretched_pinwheel, nicolae_vaults_house_1,
          nicolae_vaults_display_case, layout_vaults_big_cross, serial_shops,
          nicolae_shop_waterfront, uniq_zenata
Crypt:1:  layout_rooms, ebering_ghost_disaster_area, st_stairs_9,
          grunt_ministairs_14, item_on_display_b, grunt_megastairs_2,
          uniq_margery
Crypt:2:  layout_chaotic_city, uniq_khufu, uniq_sojobo, uniq_grunn
Crypt:3:  evilmike_haunted_forest
Depths:1: layout_gridlike, grunt_gozag_breadcrumbs, rand_demon_pan_entry_3,
          grunt_mini_vestibule, dancing_weapons_uskayaw, minmay_shop_star
Depths:2: minmay_concentric_multi, layout_basic, minmay_misc_feat_enclosed,
          pf_vacation_house_of_asmodeus, pan_entry, uniq_asterion
Depths:3: minmay_the_grid_triangle_9x9_recursive_3_mashed
          [minmay_the_grid_triangle_9x9_subtriangle,
          minmay_the_grid_triangle_9x9_intruding_spiral,
          minmay_the_grid_triangle_9x9_fully_insulated_deathbox,
          minmay_the_grid_triangle_9x9_prize_special,
          minmay_the_grid_triangle_9x9_windchime,
          minmay_the_grid_triangle_9x9_shrine,
          minmay_the_grid_triangle_9x9_limited_checkers,
          minmay_the_grid_triangle_9x9_sprig,
          minmay_the_grid_triangle_9x9_steps], layout_gridlike,
          enter_ziggurat_e, abyss_entry_flame_altar, hangedman_decor_points,
          hell_entry, infiniplex_staircase_pillars_1, uniq_enchantress
Depths:4: grunt_zot_entry_bicorn, layout_cave_pools,
          nicolae_trove_entry_isolated, hell_entry,
          amcnicky_mini_rare_corridor_liquid
Zot:1:    layout_twisted_circle, grunt_ministairs_7, zot_minivault_1
Zot:2:    layout_basic
Zot:3:    kennysheep_ambush_hall, layout_onion_interference, st_stairs_14,
          hangedman_zot_wheel_spokes, grunt_ministairs_3, skrybe_zot_glass_3
Zot:4:    layout_basic, drop_trap, st_single_dragon_hoard_1, uniq_tiamat
Zot:5:    layout_cathedral_of_symmetry

Skill      XL: |  1  2  3  4  5  6  7  8  9 10 11 12 13 14 15 16 17 18 19 20 21 22 23 24 25 26 27 |
---------------+----------------------------------------------------------------------------------+-----
Fighting       | 4 5 6 7 8 9 10 11 12 13 15 16 17 18 24 | 24.2
Armour         | 4 5 7 9 10 11 12 13 14 16 19 20 23 24 25 | 25.0
Maces & Flails | 1 3 5 8 9 11 12 13 | 13.1
Throwing       | 2 3 5 7 9 10 11 14 16 18 | 18.9
Axes           | 3 6 7 |  7.6
Evocations     | 1 3 4 6 7 8 10 15 | 15.0
Invocations    | 3 6 7 8 9 10 11 12 14 16 18 20 25 | 25.0
Shields        | 7 13 19 22 23 25 | 25.0
Polearms       | 6 12 15 18 19 | 19.4

Action                     |  1- 3 |  4- 6 |  7- 9 | 10-12 | 13-15 | 16-18 | 19-21 | 22-24 | 25-27 || total
---------------------------+-------+-------+-------+-------+-------+-------+-------+-------+-------++-------
  Melee: Trident           |   125 |   105 |       |       |       |       |       |       |       ||   230
         Whip              |       |   145 |   294 |       |       |       |       |       |       ||   439
         War axe           |       |       |     2 |    99 |       |       |       |       |       ||   101
         Dire flail        |       |       |       |   453 |   867 |  1069 |       |       |       ||  2389
         Demon whip        |       |       |       |       |       |   114 |  1358 |  1427 |    46 ||  2945
         Trishula          |       |       |       |       |       |       |       |   203 |   512 ||   715
         Glaive            |       |       |       |       |       |       |       |       |  2389 ||  2389
  Throw: Stone             |       |    15 |     3 |       |       |       |       |       |       ||    18
         Boomerang         |       |     7 |    51 |    54 |    68 |    61 |   104 |    47 |   220 ||   612
         Throwing net      |       |       |     4 |     1 |       |       |     4 |     5 |     4 ||    18
         Dart              |       |       |     8 |    56 |   102 |    23 |     1 |       |       ||   190
         Javelin           |       |       |       |     9 |     1 |    18 |    26 |    17 |   105 ||   176
 Invoke: Minor Destruction |       |       |       |     7 |       |       |       |       |       ||     7
         Lesser Servant of |       |       |       |     2 |     1 |     4 |     4 |       |       ||    11
         Major Destruction |       |       |       |       |       |     1 |       |       |       ||     1
         Greater Servant o |       |       |       |       |       |       |     2 |     7 |     7 ||    16
Ability: Dig               |       |     3 |     1 |       |     5 |     3 |       |       |     2 ||    14
  Evoke: Wand              |       |       |    17 |     7 |     2 |     3 |    11 |     3 |    29 ||    72
         Phantom mirror    |       |       |       |       |       |     1 |     2 |     1 |     5 ||     9
         Phial of floods   |       |       |       |       |       |       |       |     1 |       ||     1
         Tin of tremorston |       |       |       |       |       |       |       |       |     1 ||     1
    Use: Scroll            |       |     9 |     6 |    10 |    11 |    11 |     3 |    13 |    30 ||    93
         Potion            |       |     1 |     1 |     2 |     1 |     7 |    11 |    13 |    29 ||    65
   Stab: Petrified         |       |       |       |       |     4 |       |       |       |       ||     4
         Distracted        |       |       |       |       |     2 |     1 |     1 |     3 |     5 ||    12
         Held in net/web   |       |       |       |       |       |       |       |       |     2 ||     2
         Invisible         |       |       |       |       |       |       |       |       |     4 ||     4
 Armour: Scale mail        |     3 |       |       |       |       |       |       |       |       ||     3
         Chain mail        |    79 |   155 |   159 |    43 |   493 |   521 |   489 |   374 |       ||  2313
         Plate armour      |       |       |       |   238 |       |       |       |   106 |  1371 ||  1715
         Skin              |       |       |       |       |       |       |       |       |    34 ||    34
  Dodge: Dodged            |    42 |    68 |    82 |    99 |   216 |   149 |   130 |   120 |   313 ||  1219
  Block: Buckler           |    25 |    50 |    71 |   249 |   297 |    39 |       |       |       ||   731
         Reflection        |       |       |       |    21 |    12 |    12 |       |       |       ||    45
         Tower shield      |       |       |       |       |       |  1025 |  1003 |  1294 |  2753 ||  6075

Table legend: (Time is in decaauts)
 A = Elapsed time spent in this place.
 B = Non-inter-level travel time spent in this place.
 C = Inter-level travel time spent in this place.
 D = Time resting spent in this place.
 E = Time spent auto-exploring this place.
 F = Levels seen in this place.
 G = Mean time per level.
                   A        B        C        D        E       F      G
               +--------+--------+--------+--------+--------+-----+--------+
         Total |  70567 |  62601 |   7966 |   8980 |   9807 |  61 | 1156.8 |
       Dungeon |  20609 |  16820 |   3789 |   1860 |   1936 |  15 | 1373.9 |
          Lair |   6361 |   5650 |    711 |    440 |    486 |   5 | 1272.2 |
        Shoals |   4002 |   3759 |    243 |    432 |   1093 |   4 | 1000.5 |
     Snake Pit |   5262 |   5017 |    245 |    967 |   1051 |   4 | 1315.5 |
    Slime Pits |   2752 |   2681 |     71 |    477 |    380 |   5 |  550.4 |
  Orcish Mines |   1913 |   1668 |    245 |     50 |    281 |   2 |  956.5 |
   Elven Halls |   3857 |   3531 |    326 |    409 |    664 |   3 | 1285.7 |
        Vaults |   6962 |   5698 |   1264 |    793 |   1295 |   4 | 1740.5 |
         Crypt |   3603 |   3367 |    236 |    352 |    496 |   3 | 1201.0 |
        Depths |   5931 |   5419 |    512 |   1173 |    959 |   4 | 1482.8 |
           Zot |   6952 |   6630 |    322 |   1884 |   1140 |   5 | 1390.4 |
         Abyss |    239 |    239 |      0 |      6 |      0 |   1 |  239.0 |
        Bazaar |    205 |    205 |      0 |      0 |      0 |   1 |  205.0 |
       Ossuary |    419 |    419 |      0 |     73 |      0 |   1 |  419.0 |
        Bailey |    246 |    246 |      0 |      0 |      4 |   1 |  246.0 |
      Ice Cave |    532 |    532 |      0 |     35 |     10 |   1 |  532.0 |
        Wizlab |    494 |    494 |      0 |     29 |     10 |   1 |  494.0 |
      Gauntlet |    223 |    223 |      0 |      0 |      0 |   1 |  223.0 |
               +--------+--------+--------+--------+--------+-----+--------+

Top non-repeatable levels by time:
Vaults:2: 2006 daAuts
 Crypt:3: 1922 daAuts
Depths:3: 1921 daAuts
     D:9: 1910 daAuts
Vaults:4: 1717 daAuts
     D:2: 1713 daAuts
Vaults:1: 1685 daAuts
     D:5: 1675 daAuts
 Snake:3: 1642 daAuts
   Zot:4: 1617 daAuts
Depths:1: 1616 daAuts
     D:7: 1565 daAuts
Vaults:3: 1551 daAuts
  Lair:5: 1529 daAuts
   Zot:5: 1523 daAuts
